 Dungeon Crawl Stone Soup version 0.22-a0-253-gf9d0ce56dd (webtiles) character file.

82847 Peterchen the Executioner (level 15, -1/107 HPs)
             Began as a Minotaur Berserker on Mar 3, 2018.
             Was a High Priest of Trog.
             Slain by a large abomination (25 damage)
             ... on level 3 of the Abyss.
             The game lasted 01:14:41 (26189 turns).

Peterchen the Executioner (Minotaur Berserker)     Turns: 26189, Time: 01:14:42

Health: -1/107     AC: 16    Str: 26    XL:     15   Next: 30%
Magic:  14/14      EV:  9    Int:  4    God:    Trog [*****.]
Gold:   615        SH:  0    Dex: 10    Spells: 14/14 levels left

rFire    . . .     SeeInvis +   Q - +8 executioner's axe (flame)
rCold    . . .     Gourm    .   (shield currently unavailable)
rNeg     . . .     Faith    +   N - +3 plate armour {rPois}
rPois    +         Spirit   .   H - +1 hat {SInv}
rElec    .         Reflect  .   z - +2 cloak {rPois}
rCorr    +         Harm     .   b - +0 pair of gloves
MR       +++..     Rnd*Rage +   (no boots)
Stlth    ..........             I - amulet of faith
HPRegen  1.27/turn              J - ring of resist corrosion
MPRegen  0.14/turn              n - +6 ring of protection

@: corroded, berserk cooldown, regenerating, slowed, very slow
A: retaliatory headbutt, horns 2, berserk 1, weak 1
a: Berserk, Trog's Hand, Brothers in Arms, Renounce Religion


You were on level 3 of the Abyss.
You worshipped Trog.
Trog was extremely pleased with you.
You were very hungry.

You visited 3 branches of the dungeon, and saw 22 of its levels.
You visited the Abyss 1 time.
You also visited: Ossuary and Volcano.

You collected 1862 gold pieces.
You spent 1247 gold pieces at shops.

Inventory:

Hand Weapons
 Q - a +8 executioner's axe of flaming (weapon)
Missiles
 A - 3 javelins of penetration (quivered)
Armour
 b - a +0 pair of gloves (worn)
 z - a +2 cloak of poison resistance (worn)
 H - a +1 hat of see invisible (worn)
 N - a +3 plate armour of poison resistance (worn)
Jewellery
 d - an uncursed ring of fire
 n - a +6 ring of protection (right hand)
 I - an amulet of faith (around neck)
 J - a ring of resist corrosion (left hand)
 K - an uncursed ring of protection from cold
 M - an uncursed ring of flight {unknown}
Wands
 f - a wand of flame (42)
 q - a wand of disintegration (13)
 C - a wand of scattershot (4)
 D - a wand of acid (16)
 R - a wand of paralysis (24)
 W - a wand of clouds (6)
Scrolls
 a - a scroll of enchant weapon
 g - 17 scrolls of teleportation
 i - 2 scrolls of immolation
 j - a scroll of fog
 l - 4 scrolls of fear
 s - 22 scrolls of remove curse
 y - 5 scrolls of blinking
 F - 2 scrolls of silence
 G - 2 scrolls of magic mapping
 O - a scroll of summoning
 P - a scroll of holy word {unknown}
Potions
 e - 7 potions of lignification
 h - 6 potions of curing
 k - 2 potions of haste {unknown}
 m - 2 potions of berserk rage
 o - 4 potions of cancellation
 p - 2 potions of mutation {unknown}
 r - 2 potions of brilliance {unknown}
 t - 2 potions of agility
 u - 4 potions of resistance {unknown}
 w - 3 potions of degeneration {unknown}
 x - a potion of flight {unknown}
 B - 8 potions of heal wounds {unknown}
 E - a potion of magic {unknown}
 L - a potion of ambrosia
 T - 4 potions of might {unknown}
 X - a potion of experience {unknown}
Comestibles
 c - 30 rations


   Skills:
 - Level 3.6 Fighting
 * Level 25.3 Axes
 - Level 15.0 Armour
 - Level 2.1 Dodging


You had 14 spell levels left.
You didn't know any spells.

Dungeon Overview and Level Annotations

Branches:
Dungeon (14/15)            Temple (0/1) D:4            Lair (6/6) D:9
  Swamp (0/4) Lair:3       Spider (0/4) Lair:3        Slime (0/5) Lair:5
    Orc (2/2) D:10            Elf (0/3) Orc:2
 Vaults: D:13-14

Altars:
Ashenzari
Dithmenos
Elyvilon
Fedhas
Nemelex Xobeh
Okawaru
Sif Muna
Wu Jian
Yredelemnul
Zin
Jiyva

Shops:
D:9 ?   Orc:2 (*[:

Annotations:
D:14 Louise
Lair:6 1 runed door


Innate Abilities, Weirdness & Mutations

You reflexively headbutt those who attack you in melee.
You have a pair of horns on your head.
You tend to lose your temper in combat.
You are weak. (Str -2)


Message History

You barely miss the large abomination.
Your headbutt misses the large abomination.
The large abomination is lightly damaged.
The ynoxinul gestures.
The large abomination hits you but does no damage.
You hit the large abomination but do no damage.
You headbutt the large abomination, but do no damage.
The large abomination is lightly damaged.
The large abomination hits you!
You slash the large abomination! You burn the large abomination.
Your headbutt misses the large abomination.
The large abomination is moderately damaged.
The large abomination hits you!!
* * * LOW HITPOINT WARNING * * *
You're still recovering from your berserk rage.
Your skin crawls.
You feel resistant to hostile enchantments.
You are feeling very hungry.
The large abomination hits you!!
You die...

.#≈≈ ≈##. # #.#
#≈≈≈≈≈≈≈..# #...
..≈≈≈≈≈≈≈≈≈# #...#
#≈#≈≈♣≈≈≈###...##
.≈≈≈≈≈≈≈......#
.#.#≈#≈.≈≈≈#.#.#..
.≈≈≈≈≈≈≈≈♣≈#.###
.≈≈≈≈≈.5≈5≈≈≈...#
≈≈≈.##53X@.#. #..
≈ ##..5######..
#...#. .## ... #.
. . #


You could see a large abomination, a ynoxinul and 4 ufetubi.

Vanquished Creatures
  An orc warlord (Orc:2)
  A red draconian (Volcano)
  A fire dragon (Lair:6)
  7 hydras
  2 catoblepae
  A centaur warrior (D:13)
  3 two-headed ogres (D:13)
  A death knight (D:12)
  3 orc high priests (Orc:2)
  A thrashing horror (Abyss:3)
  7 skeletal warriors (D:12)
  A salamander mystic (Volcano)
  A wizard (D:9)
  A swamp dragon (Lair:6)
  2 lindwurms (Lair:6)
  A phantasmal warrior (D:12)
  3 ugly things
  A deep elf mage (D:10)
  5 orc knights
  4 orc sorcerers
  An oklob plant (Lair:4)
  5 salamanders (Volcano)
  4 cyclopes
  2 manticores
  A rust devil (Abyss:3)
  11 elephants
  5 torpor snails (Lair:6)
  7 black mambas
  2 centaur skeletons (D:13)
  2 gargoyles
  11 spiny frogs
  3 rime drakes
  An efreet (D:13)
  7 komodo dragons
  3 polar bears
  4 trolls
  11 hornets
  3 tyrant leeches (Lair:6)
  5 blink frogs
  Prince Ribbit (D:6)
  14 hippogriffs
  A slime creature (D:7)
  5 dream sheep (Lair:6)
  A wraith (D:10)
  2 wyverns
  Eustachio (D:6)
  A vampire (D:12)
  60 yaks
  3 redbacks (Lair:3)
  A human (D:7)
  3 hogs (D:7)
  5 fire bats (Volcano)
  3 basilisks
  A steam dragon (Lair:6)
  Menkaure (D:6)
  Grum (D:9)
  2 wargs (Orc:2)
  Edmund (D:6)
  2 acid dragons
  2 hell hounds
  8 water moccasins
  11 porcupines
  19 orc warriors
  3 sky beasts
  2 swamp drakes (Lair:6)
  3 ice beasts
  11 ogres
  A necrophage (D:7)
  5 phantoms
  20 wolves
  6 centaurs
  17 crocodiles
  10 bullfrogs
  A wyvern zombie (D:13)
  2 scorpions
  6 killer bees
  9 wights
  4 howler monkeys
  2 crimson imps
  3 bullfrog zombies
  2 centaur zombies
  6 lava snakes (Volcano)
  4 hounds
  4 jellies
  2 bullfrog skeletons
  Crazy Yiuf (D:5)
  10 orc priests
  17 orc wizards
  5 iguanas
  9 worker ants
  A bullfrog simulacrum (D:8)
  3 hound skeletons
  5 mummies
  A worker ant zombie (D:6)
  7 gnolls
  13 adders
  2 shadow imps
  A white imp (D:8)
  4 ufetubi (D:8)
  2 adder skeletons
  2 adder zombies
  2 worms
  2 dart slugs
  2 adder simulacra (D:8)
  8 leopard geckos
  61 orcs
  2 ball pythons
  6 giant cockroaches
  5 gnoll zombies (Ossuary)
  8 hobgoblins
  4 kobolds (D:1)
  8 quokkas
  7 bats
  4 frilled lizards
  2 gnoll skeletons (Ossuary)
  11 goblins
  3 goblin skeletons (Ossuary)
  5 goblin zombies
  2 hobgoblin skeletons (Ossuary)
  A hobgoblin zombie (Ossuary)
  A jackal skeleton (D:4)
  2 kobold skeletons (Ossuary)
  4 kobold zombies (Ossuary)
  A leopard gecko skeleton (D:4)
  3 orc skeletons (Ossuary)
  4 orc zombies (Ossuary)
  A quokka skeleton (D:6)
  A quokka zombie (D:9)
  4 rats
  6 rat skeletons (Ossuary)
  2 rat zombies (Ossuary)
  6 fungi
  12 plants
  A toadstool (Lair:4)
681 creatures vanquished.

Vanquished Creatures (collateral kills)
  Harold (Lair:4)
  A hydra (Lair:1)
  An orc sorcerer (Orc:2)
  A cyclops (Orc:2)
  2 blink frogs (Lair:4)
  A wyvern (D:10)
  3 yaks
  7 orc warriors
  5 centaurs
  3 wights (D:10)
  An electric eel (D:8)
  2 orcs
28 creatures vanquished.

Vanquished Creatures (others)
  3 gnoll skeletons (Ossuary)
  2 goblin zombies (Ossuary)
  A hobgoblin skeleton (Ossuary)
  A kobold skeleton (Ossuary)
  2 kobold zombies (Ossuary)
  2 orc zombies (Ossuary)
  2 rat skeletons (Ossuary)
  A bush (Lair:6)
  10 fungi
  34 plants
  8 toadstools (Lair:4)
66 creatures vanquished.

Grand Total: 775 creatures vanquished

Notes
Turn   | Place    | Note
-------+----------+-------------------------------------------
     0 | D:1      | Peterchen the Minotaur Berserker began the quest for the Orb.
     0 | D:1      | Reached XP level 1. HP: 19/19 MP: 0/0
    53 | D:1      | Reached skill level 4 in Axes
    57 | D:1      | Reached XP level 2. HP: 14/26 MP: 1/1
   717 | D:2      | Reached skill level 5 in Axes
   764 | D:2      | Reached XP level 3. HP: 27/31 MP: 2/2
  1130 | D:2      | Reached ** piety under Trog
  1395 | D:2      | Reached skill level 6 in Axes
  1395 | D:2      | Reached XP level 4. HP: 35/39 MP: 3/3
  1613 | D:2      | Found a sparkling altar of Nemelex Xobeh.
  1633 | D:3      | Found a faded altar of an unknown god.
  1663 | D:3      | Reached XP level 5. HP: 45/45 MP: 4/4
  1712 | D:3      | Reached skill level 7 in Axes
  1910 | D:3      | Found an iron altar of Okawaru.
  2110 | D:3      | Found a shadowy altar of Dithmenos.
  2221 | D:4      | Found a staircase to the Ecumenical Temple.
  2305 | D:4      | Found an ornate altar of the Wu Jian Council.
  2581 | D:4      | Noticed an ogre
  2587 | D:4      | Killed an ogre
  2587 | D:4      | Reached skill level 8 in Axes
  2587 | D:4      | Reached XP level 6. HP: 51/51 MP: 5/5
  2633 | D:4      | Reached skill level 9 in Axes
  2713 | D:4      | Reached *** piety under Trog
  2785 | D:5      | Entered Level 5 of the Dungeon
  2820 | D:5      | Reached XP level 7. HP: 37/57 MP: 6/6
  2844 | D:5      | Reached skill level 10 in Axes
  3052 | D:5      | Reached skill level 11 in Axes
  3106 | D:5      | Found a runed door.
  3132 | D:5      | Noticed Crazy Yiuf
  3135 | D:5      | Killed Crazy Yiuf
  3197 | D:6      | Received a gift from Trog
  3236 | D:6      | Noticed Prince Ribbit
  3426 | D:6      | Killed Prince Ribbit
  3426 | D:6      | Reached XP level 8. HP: 37/64 MP: 7/7
  3442 | D:6      | Reached skill level 12 in Axes
  3593 | D:6      | Found a sand-covered staircase.
  3602 | Ossuary  | Entered an ossuary
  3986 | Ossuary  | Reached **** piety under Trog
  4070 | D:6      | Found a shattered altar of Ashenzari.
  4084 | D:6      | Noticed Eustachio
  4096 | D:6      | Killed Eustachio
  4124 | D:6      | Noticed Edmund
  4139 | D:6      | Killed Edmund
  4139 | D:6      | Reached skill level 13 in Axes
  4184 | D:6      | Noticed Menkaure
  4190 | D:6      | Killed Menkaure
  4757 | D:7      | Received a gift from Trog
  4770 | D:7      | Reached XP level 9. HP: 44/70 MP: 8/8
  4993 | D:7      | You fall through a shaft for 3 floors!
  4993 | D:10     | Entered Level 10 of the Dungeon
  5000 | D:10     | Reached skill level 14 in Axes
  5194 | D:10     | Noticed a deep elf mage
  5201 | D:10     | Killed a deep elf mage
  5201 | D:10     | Reached skill level 15 in Axes
  5788 | D:10     | Found a staircase to the Orcish Mines.
  5886 | D:10     | Reached skill level 16 in Axes
  5898 | D:10     | Reached XP level 10. HP: 42/77 MP: 9/9
  5914 | D:10     | HP: 2/77 [yak (12)]
  5919 | D:10     | HP: 3/115 [orc wizard/magic dart (2)]
  6293 | D:10     | Reached skill level 17 in Axes
  6472 | D:9      | Found Alusud's Magic Scroll Emporium.
  6480 | D:9      | Bought a scroll of teleportation for 42 gold pieces
  6480 | D:9      | Bought 2 scrolls of blinking for 210 gold pieces
  6480 | D:9      | Bought a scroll of teleportation for 42 gold pieces
  6480 | D:9      | Bought a scroll of blinking for 105 gold pieces
  6492 | D:9      | Noticed a wizard
  6493 | D:9      | Noticed an orc sorcerer
  6494 | D:9      | Noticed an orc sorcerer
  6511 | D:9      | Killed a wizard
  6564 | D:9      | Found a staircase to the Lair.
  6912 | D:8      | Reached skill level 18 in Axes
  7332 | D:7      | Reached ***** piety under Trog
  7825 | D:7      | Reached XP level 11. HP: 64/82 MP: 10/10
  8109 | D:8      | Reached skill level 19 in Axes
  8388 | D:8      | Received a gift from Trog
  8922 | D:8      | Found a deep blue altar of Sif Muna.
  9157 | D:9      | Found a basalt altar of Yredelemnul.
  9180 | D:9      | Noticed Grum
  9197 | D:9      | Killed Grum
  9464 | D:9      | Noticed an orc sorcerer
  9685 | D:9      | Killed an orc sorcerer
  9773 | D:9      | Gained mutation: You are weak. (Str -2) [a neqoxec]
  9780 | D:9      | Killed an orc sorcerer
 10164 | D:10     | Reached skill level 20 in Axes
 10348 | Orc:1    | Entered Level 1 of the Orcish Mines
 11703 | D:12     | Noticed a skeletal warrior
 11723 | D:12     | Killed a skeletal warrior
 11724 | D:12     | Noticed a skeletal warrior
 12187 | D:12     | Noticed a death knight
 12585 | D:12     | Noticed a skeletal warrior
 12619 | D:12     | Reached skill level 21 in Axes
 13203 | Lair:1   | Entered Level 1 of the Lair of Beasts
 13260 | Lair:1   | Noticed a seven-headed hydra
 13265 | Lair:1   | Killed a seven-headed hydra
 13265 | Lair:1   | Reached XP level 12. HP: 90/90 MP: 11/11
 13878 | Lair:1   | Paralysed by fainting for 7 turns
 13891 | Lair:1   | Paralysed by fainting for 8 turns
 14229 | Lair:1   | Reached skill level 5 in Armour
 14951 | Lair:2   | Received a gift from Trog
 15180 | Lair:2   | Found an iron altar of Okawaru.
 15687 | Lair:2   | Reached skill level 10 in Armour
 16060 | Lair:3   | Found a staircase to the Swamp.
 16072 | Lair:3   | Noticed a five-headed hydra
 16103 | Lair:3   | Killed a nine-headed hydra
 16240 | Lair:3   | Found a white marble altar of Elyvilon.
 16264 | Lair:3   | Found a hole to the Spider Nest.
 16519 | Lair:3   | Reached XP level 13. HP: 95/95 MP: 4/12
 17299 | Lair:4   | Found a blossoming altar of Fedhas.
 17565 | Lair:4   | Noticed Harold
 17580 | Lair:4   | Killed Harold
 17864 | Lair:4   | Received a gift from Trog
 18552 | Lair:5   | Found a viscous altar of Jiyva.
 18552 | Lair:5   | Found a staircase to the Slime Pits.
 18713 | Lair:5   | Found a dark tunnel.
 18744 | Volcano  | Entered a volcano
 18923 | Volcano  | Reached skill level 15 in Armour
 19144 | Volcano  | Found a burning altar of Makhleb.
 19296 | Volcano  | Noticed a red draconian
 19308 | Volcano  | Killed a red draconian
 19589 | Lair:6   | Entered Level 6 of the Lair of Beasts
 19870 | Lair:6   | Reached skill level 22 in Axes
 20155 | Lair:6   | Reached XP level 14. HP: 50/102 MP: 4/13
 20480 | Lair:6   | Received a gift from Trog
 21189 | Lair:6   | Reached skill level 23 in Axes
 21455 | Lair:6   | Found a runed door.
 21488 | Lair:6   | Paralysed by a hornet for 1 turns
 23140 | Orc:1    | Gained mutation: You tend to lose your temper in combat. [a neqoxec]
 23142 | Orc:1    | Received a gift from Trog
 23145 | Orc:1    | Got a crystal battleaxe {god gift}
 23193 | D:10     | Identified the +3 battleaxe of Zinuid {holy, +Rage} (Trog gifted it to you on level 1 of the Orcish Mines)
 23295 | Orc:2    | Entered Level 2 of the Orcish Mines
 23376 | Orc:2    | Reached skill level 24 in Axes
 23378 | Orc:2    | Found Ruxaih's Antique Weapon Boutique.
 23692 | Orc:2    | Found a staircase to the Elven Halls.
 23925 | Orc:2    | Noticed an orc warlord
 23939 | Orc:2    | Killed an orc warlord
 23945 | Orc:2    | Found Saexom's General Store.
 23975 | Orc:2    | Bought a potion of curing for 42 gold pieces
 24025 | Orc:2    | Found Ynimom's Antique Armour Emporium.
 24033 | Orc:2    | Bought a runed plate armour for 806 gold pieces
 24047 | Orc:2    | Found Xuhupeos's Book Boutique.
 24587 | D:12     | Received a gift from Trog
 24603 | D:12     | Reached XP level 15. HP: 91/107 MP: 14/14
 24613 | D:12     | Got a warped battleaxe {god gift}
 24619 | D:12     | Identified the +4 battleaxe "Feliud" {elec, *Contam +Fly Int+4} (Trog gifted it to you on level 12 of the Dungeon)
 24898 | D:12     | Found a glowing silver altar of Zin.
 25216 | D:13     | Reached skill level 25 in Axes
 26117 | D:14     | Noticed Louise
 26118 | D:14     | Cast into level 3 of the Abyss (Louise)
 26189 | Abyss:3  | Slain by a large abomination

Vault maps used:
D:1:      dpeg_arrival_connections, minmay_pentomino_w2
D:2:      nemelex_diamond_rough_becter
D:3:      old_standard_altar, lemuel_round_altar,
          chequers_ecumenical_altar_island
D:4:      old_standard_altar, minmay_temple_entry_large_hall, first_ration,
          hangedman_decor_growths
D:5:      uniq_crazy_yiuf_cottage
D:6:      overflow_temple_1_default, nicolae_ossuary_entry_giza,
          kennysheep_small_square, uniq_menkaure, uniq_eustachio,
          uniq_prince_ribbit1, uniq_edmund
D:7:      grunt_livestock, minmay_misc_feat_tiny, wad_mini_maze
D:8:      led_sif_book, serial_ice, serial_ice_a, serial_ice_l, serial_ice_f,
          serial_ice_g, serial_ice_e, serial_ice_m, serial_ice_b, serial_ice_c
D:9:      cheibrodos_wizards_tower, yredelemnul_altar_generic,
          minmay_lair_entry_lava, serial_shops, shop, uniq_grum
D:10:     orc_0_dummy
D:12:     basic_altar
D:14:     david_vaults_5, roderic_roman_lattice, lemuel_flamethrower_1,
          uniq_louise
Lair:1:   serial_bayou_shore_b
Lair:2:   wad_woods_structure_01, basic_altar, serial_bayou_pond_e,
          serial_bayou_shore_b
Lair:3:   cheibrodos_lair_overgrown_chateau, swamp_mist, spider_nest_entry_webs,
          basic_altar, minmay_hedge_maze, st_stairs_12
Lair:4:   minivault_26, tgw_fedhas, serial_bayou_shore_a, uniq_harold
Lair:5:   dpeg_slime_entry_enclosed_altar, enter_volcano_2,
          kennysheep_catoblepas_arena
Lair:6:   guppyfry_lair_end_dragon, wormcave
Orc:2:    grunt_orc_gardens, grunt_orc_garden, grunt_orc_garden,
          grunt_orc_garden, grunt_orc_garden
Abyss:3:  hangedman_abyss_or_decor_slice,
          dshaligram_kb_abyss_rune_zappy_water_cross
Ossuary:  ossuary_due_pyramid
Volcano:  volcano_grotto

Skill      XL: |  1  2  3  4  5  6  7  8  9 10 11 12 13 14 15 |
---------------+----------------------------------------------+-----
Axes           | 4 5 6 8 9 11 13 16 18 21 22 24 25 | 25.3
Armour         | 12 15 | 15.0
Fighting       | |  3.6
Dodging        | |  2.1

Action                   |  1- 3 |  4- 6 |  7- 9 | 10-12 | 13-15 || total
-------------------------+-------+-------+-------+-------+-------++-------
Melee: Hand axe          |    73 |    27 |       |       |       ||   100
       Headbutt          |    11 |    18 |    49 |   170 |   135 ||   383
       War axe           |       |    94 |   331 |   664 |       ||  1089
       Executioner's axe |       |       |       |   120 |   709 ||   829
Throw: Javelin           |       |       |       |       |     3 ||     3
Invok: Berserk           |     1 |     2 |     8 |    23 |    25 ||    59
       Trog's Hand       |       |       |     3 |     3 |     6 ||    12
       Brothers in Arms  |       |       |     2 |     3 |     4 ||     9
Evoke: Wand              |       |       |       |     2 |       ||     2
  Use: Scroll            |       |       |    14 |    18 |    12 ||    44
       Potion            |       |       |       |     2 |       ||     2
 Stab: Distracted        |       |       |       |     1 |       ||     1
  Eat: Chunk             |     2 |     7 |    14 |    48 |    47 ||   118
       Ration            |       |       |     1 |     3 |     3 ||     7
Armor: Animal skin       |     2 |       |       |       |       ||     2
       Ring mail         |     5 |       |       |       |       ||     5
       Scale mail        |    19 |    52 |    58 |       |       ||   129
       Chain mail        |       |       |    86 |   140 |       ||   226
       Skin              |       |       |       |     2 |       ||     2
       Plate armour      |       |       |       |   267 |   593 ||   860
Dodge: Dodged            |    40 |    56 |    70 |   147 |   283 ||   596
Block: Buckler           |       |     7 |       |       |       ||     7
       Shield            |       |    10 |   110 |   212 |       ||   332

Table legend:
 A = Spawn XP
 B = Non-spawn XP
 C = Spawn XP percentage of total XP
 D = Spawn monster count
 E = Non-spawn monster count
 F = Spawn count percentage of total count
 G = Total turns spent on level
                    A         B        C        D         E        F      G
               +---------+---------+-------+---------+---------+-------+---------
         Total |    1322 |  117031 |   1.1 |       2 |     673 |   0.3 | 26189
               +---------+---------+-------+---------+---------+-------+---------
           D:1 |       0 |      33 |   0.0 |       0 |      18 |   0.0 |   713
           D:2 |       0 |     108 |   0.0 |       0 |      22 |   0.0 |   918
           D:3 |       0 |     108 |   0.0 |       0 |      26 |   0.0 |   528
           D:4 |       0 |     440 |   0.0 |       0 |      12 |   0.0 |   679
           D:5 |       0 |     586 |   0.0 |       0 |      13 |   0.0 |   426
           D:6 |       0 |    1213 |   0.0 |       0 |      23 |   0.0 |  1106
           D:7 |       0 |    2667 |   0.0 |       0 |      44 |   0.0 |  1167
           D:8 |       0 |    2949 |   0.0 |       0 |      41 |   0.0 |  1690
           D:9 |       0 |    3629 |   0.0 |       0 |      25 |   0.0 |  1158
          D:10 |       0 |    6255 |   0.0 |       0 |      59 |   0.0 |  2445
          D:11 |       0 |    2238 |   0.0 |       0 |      20 |   0.0 |  1908
          D:12 |       0 |   11294 |   0.0 |       0 |      29 |   0.0 |  1274
          D:13 |       0 |    7831 |   0.0 |       0 |      27 |   0.0 |   925
        Lair:1 |       0 |    3855 |   0.0 |       0 |      19 |   0.0 |  1602
        Lair:2 |       0 |    7258 |   0.0 |       0 |      38 |   0.0 |  1320
        Lair:3 |       0 |    9829 |   0.0 |       0 |      32 |   0.0 |  1209
        Lair:4 |       0 |    4031 |   0.0 |       0 |      11 |   0.0 |   857
        Lair:5 |       0 |    8776 |   0.0 |       0 |      26 |   0.0 |  1292
        Lair:6 |       0 |   24889 |   0.0 |       0 |      77 |   0.0 |  2494
         Orc:1 |       0 |    1200 |   0.0 |       0 |       8 |   0.0 |   297
         Orc:2 |       0 |   11672 |   0.0 |       0 |      58 |   0.0 |  1017
       Abyss:3 |    1322 |       0 | 100.0 |       2 |       0 | 100.0 |    71
       Ossuary |       0 |      49 |   0.0 |       0 |      26 |   0.0 |   465
       Volcano |       0 |    6121 |   0.0 |       0 |      19 |   0.0 |   627
               +---------+---------+-------+---------+---------+-------+---------
